 Dungeon Crawl Stone Soup version 0.29-a0-322-g68df515428 (webtiles) character file.

Game seed: 2676929969821218113

88 HotDog the Skirmisher (level 4, -2/40 HPs)
             Began as a Hill Orc Fighter on Apr 7, 2022.
             Killed from afar by an orc wizard (12 damage)
             ... with a puff of flame
             ... on level 3 of the Dungeon.
             The game lasted 00:02:38 (2558 turns).

HotDog the Skirmisher (Hill Orc Fighter)            Turns: 2558, Time: 00:02:39

Health: -2/40      AC:  8    Str: 20    XL:     4   Next: 53%
Magic:  5/5        EV:  9    Int:  8    God:
Gold:   87         SH:  4    Dex: 10    Spells: 3/3 levels left

rFire   . . .      SeeInvis .   a - +0 war axe
rCold   . . .      Faith    .   c - +0 buckler
rNeg    . . .      Spirit   .   b - +0 scale mail
rPois   .          Reflect  .   (no helmet)
rElec   .          Harm     .   (no cloak)
rCorr   .          Rampage  .   (no gloves)
Will    .....                   k - +0 pair of boots
Stlth   ..........              (no amulet)
HPRegen 0.13/turn               (no ring)
MPRegen 0.09/turn               (no ring)

@: no status effects
A: no striking features
a: no special abilities


You were on level 3 of the Dungeon.
You visited 1 branch of the dungeon, and saw 3 of its levels.

You collected 87 gold pieces.

Inventory:

Hand Weapons
 a - a +0 war axe (weapon)
Armour
 b - a +0 scale mail (worn)
 c - a +0 buckler (worn)
 k - a +0 pair of boots (worn)
Jewellery
 s - a ring of resist corrosion
Wands
 o - a wand of acid (10)
Scrolls
 e - a scroll of teleportation {unknown}
 h - a scroll of amnesia {unknown}
 i - 3 scrolls of identify {unknown}
 n - a scroll of torment {unknown}
 r - a scroll of enchant weapon {unknown}
Potions
 d - 2 potions of might
 f - a potion of invisibility {unknown}
 g - a potion of ambrosia {unknown}
 j - 2 potions of curing {unknown}
 l - a potion of attraction {unknown}
 m - a potion of haste {unknown}
 p - a potion of flight {unknown}
 q - 2 potions of brilliance {unknown}
 t - a potion of lignification {unknown}


   Skills:
 * Level 4.2 Fighting
 * Level 3.7 Axes
 * Level 3.7 Armour
 * Level 0.6 Dodging
 * Level 3.8 Shields
 * Level 1.7 Invocations


You had 3 spell levels left.
You didn't know any spells.
Your spell library was empty.

Dungeon Overview and Level Annotations

Branches:
Dungeon (3/15)

Altars:
Kikubaaqudgha


Message History

The orc wizard points at you and mumbles some strange words.
You are confused.
You closely miss the orc wizard.
The orc wizard is lightly wounded.
The orc wizard hits you with a +0 dagger.
The orc wizard casts a spell at you. You resist with some effort.
You closely miss the orc wizard.
The orc wizard is lightly wounded.
The orc wizard hits you with a +0 dagger.
The orc wizard barely misses you.
The orc wizard casts a spell.
The orc wizard flickers and vanishes!
Deactivating autopickup; reactivate with Ctrl-A.
Something hits you but does no damage. Something hits you but does no damage.
You feel less confused.
You barely miss something. Something hits you but does no damage.
You miss something. Something hits you but does no damage.
You closely miss something.
You hear some strange, mumbled words.
A magic dart appears from out of thin air!
The magic dart hits you.
* * * LOW HITPOINT WARNING * * *
Something hits you but does no damage.
You miss something. Something hits you but does no damage.
You miss something. Something hits you.
* * * LOW HITPOINT WARNING * * *
You closely miss something. Something hits you but does no damage.
Something completely misses you.
You closely miss something. Something hits you.
* * * LOW HITPOINT WARNING * * *
You miss something. Something hits you but does no damage.
You hit something.
Something hits you but does no damage. x2
You slash something! Something hits you but does no damage.
You barely miss something.
You hear some strange, mumbled words.
A puff of flame appears from out of thin air!
The puff of flame hits you!
You die...

##'## #...# ##.#.##
#.###.# ##.#.#.##
#.##.##.#
##.##.##.##
#.###.###.# ≈
##.#.#.#.#@#####...
#..#.....{.........
#.)).#.#...........
####.#.###<########
#.#.# ### #.#.#
#.#.# #.#.# #####


There were no monsters in sight!

Vanquished Creatures
  2 adders (D:2)
  A gnoll (D:1)
  2 dart slugs
  2 orcs (D:3)
  3 endoplasms
  6 goblins
  4 hobgoblins
  7 jackals (D:2)
  3 kobolds
  2 quokkas (D:1)
  6 ball pythons
  2 bats
  3 frilled lizards (D:1)
  7 rats
50 creatures vanquished.

Vanquished Creatures (others)
  4 plants (D:1)
4 creatures vanquished.

Grand Total: 54 creatures vanquished

Notes
Turn   | Place    | Note
-------+----------+-------------------------------------------
     0 | D:1      | HotDog the Hill Orc Fighter began the quest for the Orb.
     0 | D:1      | Reached XP level 1. HP: 19/19 MP: 1/1
   406 | D:1      | Reached XP level 2. HP: 26/27 MP: 2/2
   908 | D:1      | Reached skill level 4 in Fighting
   908 | D:1      | Reached XP level 3. HP: 25/33 MP: 3/3
  1541 | D:2      | Reached skill level 1 in Invocations
  1652 | D:2      | Reached XP level 4. HP: 29/40 MP: 4/4
  1752 | D:2      | Found an ancient bone altar of Kikubaaqudgha.
  2558 | D:3      | Killed from afar by an orc wizard

Illustrated notes

Levels and vault maps discovered:
D:1:      dpeg_arrival_solitude, layout_basic, serial_bayou,
          serial_bayou_lagoon_b, serial_bayou_ford_a, serial_bayou_pond_c,
          serial_bayou_shore_b, serial_bayou_shore_b
D:2:      layout_basic, basic_altar, minmay_indecisive_spiral
D:3:      layout_basic, fedhas_altar_2,
          hellmonk_ecumenical_altar_pennies_from_heaven,
          chequers_serial_rivers_micro_b, minmay_misc_feat_tiny,
          grunt_decor_clamped, roderic_lattice_a

Skill      XL: |  1  2  3 |
---------------+----------+-----
Axes           | 3 |  3.7
Fighting       | 4 |  4.2
Invocations    | 1 |  1.7
Armour         | |  3.7
Dodging        | |  0.6
Shields        | |  3.8

Action                   |  1- 3 |  4- 6 || total
-------------------------+-------+-------++-------
Melee: War axe           |    98 |    56 ||   154
Armor: Scale mail        |    56 |    37 ||    93
Dodge: Dodged            |    46 |    18 ||    64
Block: Buckler           |    27 |     6 ||    33

Table legend: (Time is in decaauts)
 A = Elapsed time spent in this place.
 B = Non-inter-level travel time spent in this place.
 C = Inter-level travel time spent in this place.
 D = Time resting spent in this place.
 E = Time spent auto-exploring this place.
 F = Levels seen in this place.
 G = Mean time per level.
                   A        B        C        D        E       F      G
               +--------+--------+--------+--------+--------+-----+--------+
         Total |   2646 |   2488 |    158 |    184 |   1857 |   3 |  882.0 |
       Dungeon |   2646 |   2488 |    158 |    184 |   1857 |   3 |  882.0 |
               +--------+--------+--------+--------+--------+-----+--------+

Top non-repeatable levels by time:
     D:1: 1484 daAuts
     D:2: 1080 daAuts
     D:3: 82 daAuts
